 Dungeon Crawl Stone Soup version 0.30-a0-170-g85af917532 (webtiles) character file.

Game seed: 1916279015680913013

126 KennySheep the Conjurer (level 4, -10/24 HPs)
             Began as a Deep Elf Conjurer on Oct 1, 2022.
             Killed by nerve-wracking pain
             ... invoked by an orc priest
              (12 damage)
             ... on level 3 of the Dungeon.
             The game lasted 00:05:17 (2755 turns).

KennySheep the Conjurer (Deep Elf Conjurer)         Turns: 2755, Time: 00:05:17

Health: -10/24     AC:  6    Str:  4    XL:     4   Next: 84%
Magic:  0/12       EV: 13    Int: 31    God:
Gold:   42         SH:  0    Dex: 13    Spells: 8/11 levels left

rFire   . . .      SeeInvis .    (no weapon)
rCold   . . .      Faith    .    (no shield)
rNeg    . . .      Spirit   .    a - +0 robe
rPois   .          Reflect  .    (no helmet)
rElec   .          Harm     .    (no cloak)
rCorr   .          Rampage  .    (no gloves)
Will    .....                    (no boots)
Stlth   ++........               (no amulet)
HPRegen 0.08/turn                g - +6 ring of intelligence
MPRegen 0.13/turn                f - +4 ring of protection

@: no status effects
A: no striking features
a: no special abilities


You were on level 3 of the Dungeon.
You visited 1 branch of the dungeon, and saw 3 of its levels.

You collected 42 gold pieces.

Inventory:

Armour
 a - a +0 robe (worn)
 k - an orb of energy
Jewellery
 f - a +4 ring of protection (right hand)
 g - a +6 ring of intelligence (left hand)
Scrolls
 c - a scroll of silence {unknown}
 e - a scroll of identify {unknown}
 i - a scroll of enchant weapon {unknown}
 j - a scroll of amnesia {unknown}
 l - a scroll of magic mapping {unknown}
 n - a scroll of blinking {unknown}
Potions
 b - a potion of magic
 d - a potion of brilliance {unknown}
 h - 3 potions of curing {unknown}
 m - 2 potions of flight {unknown}


   Skills:
 + Level 3.4 Dodging
 + Level 3.6 Stealth
 + Level 4.0 Spellcasting
 * Level 5.5 Conjurations


You had 8 spell levels left.
You knew the following spells:

 Your Spells              Type           Power      Damage    Failure   Level
a - Magic Dart            Conj           100%       1d8       1%          1
b - Searing Ray           Conj           80%        2d7       1%          2

Your spell library contained the following spells:

 Spells                   Type           Power      Damage    Failure   Level
 Dazzling Flash           Conj/Hex       46%        N/A       6%          3
 Cigotuvi's Dreadful Rot  Necr/Pois/Air  12%        N/A       9%          2
 Fulminant Prism          Conj/Hex       11%        3d9       19%         4
 Iskenderun's Mystic Bla  Conj/Tloc      23%        2d6       19%         4
 Dispel Undead            Necr           6%         3d8       52%         4
 Starburst                Conj/Fire      11%        6d5       96%         6
 Death Channel            Necr           3%         N/A       100%        6


Dungeon Overview and Level Annotations

Branches:
Dungeon (3/15)

Altars:


Message History

The magic dart hits the orc wizard but does no damage.
The orc wizard points at you and mumbles some strange words.
You resist with some effort.
The magic dart hits the orc wizard!
The orc wizard is heavily wounded.
The orc priest calls upon Beogh to heal the orc wizard.
The orc wizard is healed somewhat.
The magic dart hits the orc wizard.
The orc wizard is moderately wounded.
The magic dart hits the orc wizard.
The orc wizard is moderately wounded.
The orc priest calls upon Beogh to heal the orc wizard.
The orc wizard is healed somewhat.
The orc wizard gestures at you while chanting.
The magic dart hits you!
Casting: Magic Dart (safe; 1% risk of failure)
Confirm with . or Enter, or press ? or * to list all spells.
Aiming: Searing Ray (safe; 1% risk of failure)
Press: ? - help, Shift-Dir - straight line, f/p - orc wizard
Aim: an orc wizard, wielding a +0 dagger and wearing a +0 robe (lightly wounded, 77% to hit)
The searing ray hits the orc wizard!
The orc wizard is heavily wounded.
The searing ray hits the orc priest.
The orc priest is heavily wounded. (Press . to maintain the ray.)
The orc wizard casts a spell at you.
The magic dart hits you but does no damage.
The orc priest mumbles some strange prayers to Beogh against you.
Beogh smites you!
Ouch! That really hurt!
* * * LOW HITPOINT WARNING * * *
The searing ray hits the orc wizard.
The orc wizard is severely wounded.
The searing ray hits the orc priest.
The orc priest is heavily wounded.
The searing ray misses the orc wizard.
The orc priest calls down the wrath of Beogh upon you.
Pain shoots through your body!
Ouch! That really hurt!
You die...

..... .>:.
.... #)) #).
#.# #####o##
#...o@.#
#....).#
#......#
#......##
####....#
#....#
#....#######
#..........+
#....#######..


You could see an orc priest and an orc wizard.

Vanquished Creatures
  7 adders (D:2)
  2 worms (D:2)
  2 orcs (D:3)
  6 bats
  4 endoplasms
  2 giant cockroaches
  7 hobgoblins
  4 jackals
  5 ball pythons
  4 frilled lizards
  5 goblins
  5 kobolds
  5 rats
58 creatures vanquished.

Notes
Turn   | Place    | Note
-------+----------+-------------------------------------------
     0 | D:1      | KennySheep the Deep Elf Conjurer began the quest for the
                  | Orb.
     0 | D:1      | Reached XP level 1. HP: 10/10 MP: 6/6
   163 | D:1      | Found a faded altar of an unknown god.
   339 | D:1      | Reached XP level 2. HP: 15/15 MP: 5/8
   529 | D:1      | Learned a level 2 spell: Searing Ray
  1227 | D:2      | Reached XP level 3. HP: 9/19 MP: 2/9
  1611 | D:2      | Reached skill level 5 in Conjurations
  1895 | D:2      | Reached XP level 4. HP: 24/24 MP: 9/11
  2755 | D:3      | Killed from afar by an orc priest

Illustrated notes

Levels and vault maps discovered:
D:1:      lemuel_arrival_lava_pool, layout_loops_corners,
          dreamdust_ecumenical_altar_angels_and_demons
D:2:      minmay_angry_zag, layout_loops_cross, hex_medium
D:3:      layout_basic, nicolae_overflow_hidden_temple, serial_shops,
          nicolae_lakefront_shop, uniq_ijyb

Skill      XL: |  1  2  3  4 |
---------------+-------------+-----
Stealth        | 3 |  3.6
Dodging        | 3 |  3.4
Conjurations   | 5 |  5.5
Spellcasting   | 4 |  4.0

Action                   |  1- 3 |  4- 6 || total
-------------------------+-------+-------++-------
Melee: Unarmed           |       |     1 ||     1
 Cast: Magic Dart        |    82 |    55 ||   137
       Searing Ray       |       |     1 ||     1
Armor: Robe              |     5 |     4 ||     9
Dodge: Dodged            |     3 |     9 ||    12

Table legend: (Time is in decaauts)
 A = Elapsed time spent in this place.
 B = Non-inter-level travel time spent in this place.
 C = Inter-level travel time spent in this place.
 D = Time resting spent in this place.
 E = Time spent auto-exploring this place.
 F = Levels seen in this place.
 G = Mean time per level.
                   A        B        C        D        E       F      G
               +--------+--------+--------+--------+--------+-----+--------+
         Total |   2754 |   2676 |     78 |    363 |   2058 |   3 |  918.0 |
       Dungeon |   2754 |   2676 |     78 |    363 |   2058 |   3 |  918.0 |
               +--------+--------+--------+--------+--------+-----+--------+

Top non-repeatable levels by time:
     D:1: 1417 daAuts
     D:2: 1216 daAuts
     D:3: 120 daAuts
